Patriotes vs Staline
(R1)
Created - 23 avril 2015 at 18:59
Goals
|
| Patriotes |
0 |
4 |
1 |
5 |
| Staline |
1 |
4 |
5 |
10 |
|
Shots
|
| Patriotes |
14 |
7 |
4 |
25 |
| Staline |
10 |
20 |
22 |
52 |
|
1st period
1. Staline , Peter Mueller 5 (Mason Raymond) at 0:32
Penalties :
Liam Reddox (Nyc) for Hooking (Minor) at 7:56, Tyler Myers (Nyc) for Roughing (Minor) at 11:08, Nigel Williams (Nyc) for High sticking (Minor) at 19:09
2nd period
2. Staline , Cam Janssen 3 (Peter Mueller) at 2:35
3. Staline , Cam Janssen 4 (Peter Mueller, Stu Bickel) at 2:51
4. Patriotes , Cory Emmerton 8 (Andrew Gordon, Fedor Fedorov) at 6:11
5. Patriotes , Christian Hanson 1 (Brett Skinner, A.J Thelen) at 7:34
6. Staline , Jared Boll 2 (T.J. Fast, Pierre-Luc Létourneau) at 18:11
7. Patriotes , Fedor Fedorov 1 (Andrew Gordon, A.J Thelen) at 18:59
8. Staline , Pierre-Luc Létourneau 2 (T.J. Fast) at 19:05 (SH)
9. Patriotes , Andrew Gordon 5 (Fedor Fedorov, A.J Thelen) at 19:36 (PP)
Penalties :
Andreas Nodl (Nyc) for Holding Stick (Minor) at 3:15, Dwight King (Nyc) for Tripping (Minor) at 17:03, Devin Setoguchi (StJ) for Interference (Minor) at 17:57
3rd period
10. Patriotes , Christian Hanson 2 (Lauri Tukonen, Tyler Myers) at 4:58
11. Staline , Mathieu Perreault 1 (Nick Spaling, Jared Boll) at 7:45
12. Staline , Andrei Loktionov 6 (Devin Setoguchi) at 9:08 (PP)
13. Staline , Mason Raymond 2 (Stu Bickel, T.J. Fast) at 9:39
14. Staline , Andrei Loktionov 7 (Devin Setoguchi, T.J. Fast) at 13:39
15. Staline , James Sheppard 2 (Danny Kristo, T.J. Fast) at 18:47
Penalties :
Zenon Konopka (Nyc) for Diving (Minor) at 9:03, Zenon Konopka (Nyc) for Interference (Minor) at 9:44
Goalie Stats
Marek Schwarz (Nyc), 42 saves from 52 shots - (0,808), L, 1-2-0, 60:00 minutes
Martin Houle (StJ), 20 saves from 25 shots - (0,800), W, 2-1-0, 60:00 minutes
Players Stats for Patriotes
Player Name G A P +/- PIM S H SB GA TA FO MP PP MP PK MP
------------------------------------------------------------------------------------
A.J Thelen 0 3 3 -1 0 2 1 3 0 2 0/0 25:32 0:31 6:07
Andreas Nodl 0 0 0 -5 2 4 2 2 0 1 2/2 22:32 0:23 4:43
Andrew Gordon 1 2 3 0 0 3 0 0 0 0 0/1 17:16 0:11 3:22
Brett Skinner 0 1 1 -2 0 2 2 6 1 1 0/0 26:05 0:31 6:07
Christian Hanson 2 0 2 0 0 3 2 0 0 1 3/3 12:47 0:00 0:51
Cory Emmerton 1 0 1 -1 0 1 2 0 1 0 4/13 12:15 0:11 0:00
Dwight King 0 0 0 -1 2 2 3 0 0 0 0/1 12:50 0:03 1:56
Fedor Fedorov 1 2 3 0 0 1 0 0 0 3 0/0 16:05 0:11 3:36
Joakim Andersson 0 0 0 0 0 0 0 0 0 0 0/0 0:00 0:00 0:00
Joe Charlebois 0 0 0 -2 0 0 1 2 0 2 0/0 20:13 0:03 4:47
Jordan Samuels-Thomas 0 0 0 0 0 0 0 0 0 0 0/0 1:34 0:00 1:29
Lauri Tukonen 0 1 1 0 0 0 0 0 0 0 1/2 12:30 0:00 0:00
Liam Reddox 0 0 0 0 2 4 0 0 0 0 0/0 7:57 0:00 0:00
Mathieu Brodeur 0 0 0 0 0 0 0 0 0 0 0/0 5:47 0:00 0:40
Nigel Williams 0 0 0 -2 2 0 0 0 0 1 0/0 11:20 0:00 0:33
Patrice Cormier 0 0 0 0 0 0 1 1 0 0 1/3 7:55 0:00 0:00
Ryan White 0 0 0 0 0 0 0 0 0 0 0/0 0:00 0:00 0:00
Timothy Kunes 0 0 0 -1 0 1 0 0 0 0 0/0 12:08 0:00 0:00
Tomas Kurka 0 0 0 -5 0 1 0 0 1 2 2/15 23:41 0:23 5:51
Tyler Myers 0 1 1 -2 2 0 1 1 1 0 0/0 19:05 0:03 3:34
Zack Stortini 0 0 0 0 0 0 2 1 0 0 0/0 3:38 0:00 0:00
Zenon Konopka 0 0 0 -3 4 1 3 0 1 2 7/29 16:44 0:20 0:00
Players Stats for Staline
Player Name G A P +/- PIM S H SB GA TA FO MP PP MP PK MP
------------------------------------------------------------------------------------
Aaron Ness 0 0 0 0 0 0 0 0 0 0 0/0 0:00 0:00 0:00
Andrei Loktionov 2 0 2 0 0 7 2 0 4 0 26/34 21:13 5:12 0:00
Cam Janssen 2 0 2 3 0 4 2 0 0 0 0/1 17:23 5:34 0:00
Cody Eakin 0 0 0 1 0 0 0 0 1 0 1/5 8:30 0:00 0:00
Danny Kristo 0 1 1 1 0 1 0 1 2 0 0/0 8:06 0:03 0:00
David Kolomatis 0 0 0 0 0 0 0 0 0 0 0/0 3:34 0:00 0:00
Devin Setoguchi 0 2 2 0 2 4 1 0 2 0 2/2 21:12 5:11 0:00
Greg Pateryn 0 0 0 0 0 0 0 0 0 0 0/0 0:00 0:00 0:00
James Sheppard 1 0 1 0 0 4 2 0 1 0 0/0 9:13 0:00 0:21
Jamie McGinn 0 0 0 0 0 0 0 0 0 0 0/0 0:00 0:00 0:00
Jared Boll 1 1 2 2 0 4 0 0 1 0 0/1 12:16 0:12 0:03
Keith Aulie 0 0 0 1 0 2 0 2 1 1 0/0 18:33 3:39 0:00
Mason Raymond 1 1 2 3 0 3 1 0 0 1 1/1 17:27 5:39 0:10
Mathieu Perreault 1 0 1 0 0 1 0 0 0 0 5/6 9:48 0:00 0:00
Michael Del Zotto 0 0 0 0 0 1 0 1 0 0 0/0 9:46 0:00 0:00
Nick Spaling 0 1 1 -1 0 7 1 0 1 0 0/0 11:43 0:03 0:00
Peter Holland 0 0 0 0 0 0 0 0 0 0 0/0 1:38 0:00 0:00
Peter Mueller 1 2 3 3 0 3 1 0 0 0 12/15 17:17 5:39 0:00
Pierre-Luc Létourneau 1 1 2 2 0 1 2 0 0 0 2/4 22:34 5:08 0:34
Stu Bickel 0 2 2 4 0 4 2 0 1 1 0/0 28:07 7:15 0:34
T.J. Fast 0 5 5 4 0 3 1 2 1 0 0/0 28:07 7:15 0:34
Theo Peckham 0 0 0 1 0 3 1 0 0 1 0/0 18:33 3:39 0:00
Torey Krug 0 0 0 0 0 0 0 0 0 0 0/0 3:34 0:00 0:00
Tyler Cuma 0 0 0 0 0 0 0 1 0 1 0/0 9:46 0:00 0:00
3 Stars
1 - T.J. Fast (StJ)
2 - Cam Janssen (StJ)
3 - Peter Mueller (StJ)
Power Play
Patriotes - 1 on 1 Attempt(s) - 100,00%
Staline - 1 on 7 Attempt(s) - 14,29%
Penalty Kill
Patriotes - 6 on 7 Attempt(s) - 85,71%
- Score 0 goal in Penalty Kill
Staline - 0 on 1 Attempt(s) - 0,00%
- Score 1 goal in Penalty Kill
Team Stat
Patriotes - Hits : 20 - Faceoff Wins : 20 - Blocked Shots : 16 - Penalty Minutes : 14
Staline - Hits : 16 - Faceoff Wins : 49 - Blocked Shots : 7 - Penalty Minutes : 2
Official
Referees : StLaurent Francois and Lee Chris
Linesman : Mark Pare and Mark Shewchyk
Game Notes
Zack Stortini is injured at 2:33 of 2nd period (Torn Left MCL)
A.J Thelen is injured at 11:45 of 3rd period (Sprained Left Knee)
Finance
Level 1 -- Attendance: 1894 (94,70%) -- Ticket Income 66 290 $
Level 2 -- Attendance: 991 (99,10%) -- Ticket Income 14 865 $
Total Attendance: 2885 (96,17%)
Total Ticket Income: 81 155 $
Other Income: 4 058 $
Total Income: 85 213 $
Patriotes
5 vs 5 Forward
Center Left Wing Right Wing Time % Phy DF OF
1 Zenon Konopka Tomas Kurka Andreas Nodl 40 1 2 2
2 Cory Emmerton Fedor Fedorov Andrew Gordon 30 1 2 2
3 Christian Hanson Dwight King Lauri Tukonen 20 1 2 2
4 Patrice Cormier Liam Reddox Zack Stortini 10 1 2 2
5 vs 5 Defense
Defense Defense Time % Phy DF OF
1 A.J Thelen Brett Skinner 40 1 2 2
2 Tyler Myers Joe Charlebois 30 1 2 2
3 Timothy Kunes Nigel Williams 20 1 2 2
4 Mathieu Brodeur A.J Thelen 10 1 2 2
PowerPlay Forward
Center Left Wing Right Wing Time % Phy DF OF
1 Zenon Konopka Tomas Kurka Andreas Nodl 60 1 2 2
2 Cory Emmerton Fedor Fedorov Andrew Gordon 40 1 2 2
PowerPlay Defense
Defense Defense Time % Phy DF OF
1 A.J Thelen Brett Skinner 60 1 2 2
2 Tyler Myers Joe Charlebois 40 1 2 2
Penalty Kill 4 Players Forward
Center Wing Time % Phy DF OF
1 Tomas Kurka Andreas Nodl 60 1 2 2
2 Andrew Gordon Fedor Fedorov 40 1 2 2
Penalty Kill 4 Players Defense
Defense Defense Time % Phy DF OF
1 A.J Thelen Brett Skinner 60 1 2 2
2 Tyler Myers Joe Charlebois 40 1 2 2
Penalty Kill - 3 Players Forward
Forward Time % Phy DF OF
1 Tomas Kurka 60 1 2 2
2 Andreas Nodl 40 1 2 2
Penalty Kill - 3 Players Defense
Defense Defense Time % Phy DF OF
1 A.J Thelen Brett Skinner 60 1 2 2
2 Tyler Myers Joe Charlebois 40 1 2 2
4 vs 4 Forward
Center Wing Time % Phy DF OF
1 Tomas Kurka Andreas Nodl 60 1 2 2
2 Andrew Gordon Fedor Fedorov 40 1 2 2
4 vs 4 Defense
Defense Defense Time % Phy DF OF
1 A.J Thelen Brett Skinner 60 1 2 2
2 Tyler Myers Joe Charlebois 40 1 2 2
Last Minutes Offensive
Center Left Wing Right Wing Defense Defense
Zenon Konopka Tomas Kurka Andreas Nodl A.J Thelen Brett Skinner
Last Minutes Defensive
Center Left Wing Right Wing Defense Defense
Zenon Konopka Tomas Kurka Andreas Nodl A.J Thelen Brett Skinner
Goaltenders
Starting : Marek Schwarz
Backup : Joey MacDonald
Extra Forwards
Normal : Christian Hanson, Lauri Tukonen, Dwight King - PP : Christian Hanson, Lauri Tukonen - PK : Dwight King
Extra Defensemen
Normal : Timothy Kunes, Nigel Williams, Mathieu Brodeur - PP : Timothy Kunes - PK : Nigel Williams, Mathieu Brodeur
Penalty Shots
Tomas Kurka, Andreas Nodl, Andrew Gordon, Fedor Fedorov, Zenon Konopka
Staline
5 vs 5 Forward
Center Left Wing Right Wing Time % Phy DF OF
1 Andrei Loktionov Pierre-Luc Létourneau Devin Setoguchi 40 1 2 2
2 Peter Mueller Mason Raymond Cam Janssen 30 1 2 2
3 Mathieu Perreault Nick Spaling Jared Boll 20 1 2 2
4 Cody Eakin James Sheppard Danny Kristo 10 1 2 2
5 vs 5 Defense
Defense Defense Time % Phy DF OF
1 T.J. Fast Stu Bickel 40 1 2 2
2 Theo Peckham Keith Aulie 30 1 2 2
3 Tyler Cuma Michael Del Zotto 20 1 2 2
4 Torey Krug David Kolomatis 10 1 2 2
PowerPlay Forward
Center Left Wing Right Wing Time % Phy DF OF
1 Andrei Loktionov Pierre-Luc Létourneau Devin Setoguchi 60 1 2 2
2 Peter Mueller Mason Raymond Cam Janssen 40 1 2 2
PowerPlay Defense
Defense Defense Time % Phy DF OF
1 T.J. Fast Stu Bickel 60 1 2 2
2 Theo Peckham Keith Aulie 40 1 2 2
Penalty Kill 4 Players Forward
Center Wing Time % Phy DF OF
1 Pierre-Luc Létourneau Devin Setoguchi 60 1 2 2
2 Cam Janssen Andrei Loktionov 40 1 2 2
Penalty Kill 4 Players Defense
Defense Defense Time % Phy DF OF
1 T.J. Fast Stu Bickel 60 1 2 2
2 Theo Peckham Keith Aulie 40 1 2 2
Penalty Kill - 3 Players Forward
Forward Time % Phy DF OF
1 Pierre-Luc Létourneau 60 1 2 2
2 Devin Setoguchi 40 1 2 2
Penalty Kill - 3 Players Defense
Defense Defense Time % Phy DF OF
1 T.J. Fast Stu Bickel 60 1 2 2
2 Theo Peckham Keith Aulie 40 1 2 2
4 vs 4 Forward
Center Wing Time % Phy DF OF
1 Pierre-Luc Létourneau Devin Setoguchi 60 1 2 2
2 Cam Janssen Andrei Loktionov 40 1 2 2
4 vs 4 Defense
Defense Defense Time % Phy DF OF
1 T.J. Fast Stu Bickel 60 1 2 2
2 Theo Peckham Keith Aulie 40 1 2 2
Last Minutes Offensive
Center Left Wing Right Wing Defense Defense
Andrei Loktionov Pierre-Luc Létourneau Devin Setoguchi T.J. Fast Stu Bickel
Last Minutes Defensive
Center Left Wing Right Wing Defense Defense
Andrei Loktionov Pierre-Luc Létourneau Devin Setoguchi T.J. Fast Stu Bickel
Goaltenders
Starting : Martin Houle
Backup : Tobias Stephan
Extra Forwards
Normal : Jared Boll, Nick Spaling, James Sheppard - PP : Jared Boll, Nick Spaling - PK : James Sheppard
Extra Defensemen
Normal : Tyler Cuma, Michael Del Zotto, Torey Krug - PP : Tyler Cuma - PK : Michael Del Zotto, Torey Krug
Penalty Shots
Pierre-Luc Létourneau, Devin Setoguchi, Cam Janssen, Andrei Loktionov, Mason Raymond
% Time on Ice - Patriotes
Lines # - Real PCT - Wanted PCT - Time Play
Normal Forward
1 - 35% - 40% - 16:41
2 - 25% - 30% - 12:04
3 - 23% - 20% - 10:47
4 - 17% - 10% - 7:55
Normal Defense
1 - 39% - 40% - 18:25
2 - 32% - 30% - 15:20
3 - 18% - 20% - 8:35
4 - 11% - 10% - 5:07
PP Forward
1 - 68% - 60% - 0:23
2 - 32% - 40% - 0:11
PP Defense
1 - 91% - 60% - 0:31
2 - 9% - 40% - 0:03
PK Forward
1 - 69% - 60% - 7:32
2 - 31% - 40% - 3:22
PK Defense
1 - 56% - 60% - 6:07
2 - 44% - 40% - 4:47
PK3 Forward
1 - 0% - 60%
2 - 0% - 40%
PK3 Defense
1 - 0% - 60%
2 - 0% - 40%
44 Forward
1 - 78% - 60% - 0:51
2 - 22% - 40% - 0:14
44 Defense
1 - 95% - 60% - 1:02
2 - 5% - 40% - 0:03
Last Minute Offensive - 0:00
Last Minute Defensive - 0:00
Total
Forward - 60:00
Defense - 60:00
|
% Time on Ice - Staline
Lines # - Real PCT - Wanted PCT - Time Play
Normal Forward
1 - 37% - 40% - 17:31
2 - 25% - 30% - 11:38
3 - 21% - 20% - 9:48
4 - 18% - 10% - 8:30
Normal Defense
1 - 41% - 40% - 19:36
2 - 31% - 30% - 14:31
3 - 21% - 20% - 9:46
4 - 8% - 10% - 3:34
PP Forward
1 - 48% - 60% - 5:15
2 - 52% - 40% - 5:39
PP Defense
1 - 67% - 60% - 7:15
2 - 33% - 40% - 3:39
PK Forward
1 - 100% - 60% - 0:34
2 - 0% - 40% - 0:00
PK Defense
1 - 100% - 60% - 0:34
2 - 0% - 40% - 0:00
PK3 Forward
1 - 0% - 60%
2 - 0% - 40%
PK3 Defense
1 - 0% - 60%
2 - 0% - 40%
44 Forward
1 - 100% - 60% - 1:05
2 - 0% - 40% - 0:00
44 Defense
1 - 65% - 60% - 0:42
2 - 35% - 40% - 0:23
Last Minute Offensive - 0:00
Last Minute Defensive - 0:00
Total
Forward - 60:00
Defense - 60:00
|
Play by Play
1st period
0:01 of 1st period - Zenon Konopka wins face-off versus Andrei Loktionov in neutral zone.
0:10 of 1st period - Snap shot by Andreas Nodl.
0:10 of 1st period - Stopped by Martin Houle with a rebound.
0:12 of 1st period - Slapshot by A.J Thelen.
0:12 of 1st period - Stopped by Martin Houle with a rebound.
0:14 of 1st period - Snap shot by A.J Thelen.
0:14 of 1st period - Stopped by Martin Houle with a rebound.
0:16 of 1st period - Wrist shot by Zenon Konopka.
0:16 of 1st period - Deflect By Andreas Nodl.
0:16 of 1st period - Stopped by Martin Houle without a rebound.
0:17 of 1st period - Cory Emmerton wins face-off versus Peter Mueller in Staline zone.
0:26 of 1st period - Snap shot by Fedor Fedorov.
0:26 of 1st period - Shot Misses the Net.
0:32 of 1st period - Wrist shot by Peter Mueller.
0:32 of 1st period - Goal by Peter Mueller - Patriotes : 0 - Staline : 1.
0:33 of 1st period - Christian Hanson wins face-off versus Mathieu Perreault in neutral zone.
0:36 of 1st period - Nick Spaling is hit by Dwight King.
0:58 of 1st period - Michael Del Zotto is hit by Zack Stortini and loses puck.
1:03 of 1st period - Snap shot by Brett Skinner.
1:03 of 1st period - Deflect By Patrice Cormier.
1:03 of 1st period - Shot Misses the Net.
1:03 of 1st period - Puck is out of play.
1:04 of 1st period - Zenon Konopka wins face-off versus Andrei Loktionov in Staline zone.
1:29 of 1st period - Icing by Zenon Konopka.
1:30 of 1st period - Peter Mueller wins face-off versus Cory Emmerton in Patriotes zone.
1:33 of 1st period - Wrist shot by Peter Mueller.
1:33 of 1st period - Deflect By Mason Raymond.
1:33 of 1st period - Shot Misses the Net.
1:33 of 1st period - Puck is out of play.
1:34 of 1st period - Peter Mueller wins face-off versus Cory Emmerton in Patriotes zone.
1:49 of 1st period - Snap shot by Peter Mueller.
1:49 of 1st period - Shot Blocked by Joe Charlebois.
1:51 of 1st period - Snap shot by Mason Raymond.
1:51 of 1st period - Stopped by Marek Schwarz without a rebound.
1:52 of 1st period - Andrei Loktionov wins face-off versus Zenon Konopka in Patriotes zone.
1:57 of 1st period - Wrist shot by Pierre-Luc Létourneau.
1:57 of 1st period - Deflect By Andreas Nodl.
1:57 of 1st period - Shot Misses the Net.
1:57 of 1st period - Puck is out of play.
1:58 of 1st period - Andrei Loktionov wins face-off versus Zenon Konopka in Patriotes zone.
2:11 of 1st period - Wrist shot by Devin Setoguchi.
2:11 of 1st period - Shot Misses the Net.
2:43 of 1st period - Slapshot by T.J. Fast.
2:43 of 1st period - Shot Blocked by A.J Thelen.
3:33 of 1st period - Backhand shot by Cam Janssen.
3:33 of 1st period - Shot Hit the Post.
3:35 of 1st period - Slapshot by Cam Janssen.
3:35 of 1st period - Shot Misses the Net.
3:37 of 1st period - Snap shot by Mason Raymond.
3:37 of 1st period - Shot Misses the Net.
3:49 of 1st period - Snap shot by Nick Spaling.
3:49 of 1st period - Shot Misses the Net.
3:51 of 1st period - Wrist shot by Nick Spaling.
3:51 of 1st period - Stopped by Marek Schwarz with a rebound.
3:53 of 1st period - Snap shot by Nick Spaling.
3:53 of 1st period - Stopped by Marek Schwarz with a rebound.
3:55 of 1st period - Snap shot by Nick Spaling.
3:55 of 1st period - Stopped by Marek Schwarz without a rebound.
3:56 of 1st period - Andrei Loktionov wins face-off versus Dwight King in Patriotes zone.
4:21 of 1st period - Tyler Myers is hit by Cam Janssen and loses puck.
4:26 of 1st period - Snap shot by Mason Raymond.
4:26 of 1st period - Stopped by Marek Schwarz without a rebound.
4:27 of 1st period - Peter Mueller wins face-off versus Zenon Konopka in Patriotes zone.
5:11 of 1st period - Snap shot by Liam Reddox.
5:11 of 1st period - Shot Misses the Net.
5:41 of 1st period - Devin Setoguchi is hit by Joe Charlebois.
5:45 of 1st period - Snap shot by Andrei Loktionov.
5:45 of 1st period - Stopped by Marek Schwarz without a rebound.
5:46 of 1st period - Mathieu Perreault wins face-off versus Zenon Konopka in Patriotes zone.
6:49 of 1st period - Slapshot by Brett Skinner.
6:49 of 1st period - Stopped by Martin Houle with a rebound.
6:51 of 1st period - Snap shot by Liam Reddox.
6:51 of 1st period - Stopped by Martin Houle without a rebound.
6:52 of 1st period - Mathieu Perreault wins face-off versus Patrice Cormier in Staline zone.
6:52 of 1st period - Mathieu Perreault is hit by Zack Stortini.
7:02 of 1st period - Snap shot by Liam Reddox.
7:02 of 1st period - Shot Misses the Net.
7:14 of 1st period - Wrist shot by Mathieu Perreault.
7:14 of 1st period - Shot Blocked by Joe Charlebois.
7:56 of 1st period - Minor Penalty to Liam Reddox for Hooking.
7:57 of 1st period - Andrei Loktionov wins face-off versus Tomas Kurka in Patriotes zone.
8:23 of 1st period - T.J. Fast is hit by Brett Skinner and loses puck.
9:18 of 1st period - Keith Aulie is hit by A.J Thelen and loses puck.
9:56 of 1st period - Penalty to Liam Reddox is over, Liam Reddox is back on ice.
10:06 of 1st period - Wrist shot by Liam Reddox.
10:06 of 1st period - Stopped by Martin Houle without a rebound.
10:07 of 1st period - Patrice Cormier wins face-off versus Cody Eakin in Staline zone.
10:16 of 1st period - Snap shot by Liam Reddox.
10:16 of 1st period - Stopped by Martin Houle with a rebound.
10:18 of 1st period - Slapshot by Liam Reddox.
10:18 of 1st period - Shot Blocked by Tyler Cuma.
10:20 of 1st period - Slapshot by Timothy Kunes.
10:20 of 1st period - Shot Misses the Net.
10:22 of 1st period - Slapshot by Timothy Kunes.
10:22 of 1st period - Stopped by Martin Houle with a rebound.
10:29 of 1st period - Icing by Tyler Cuma.
10:30 of 1st period - Cory Emmerton wins face-off versus Cody Eakin in Staline zone.
10:33 of 1st period - Wrist shot by Andreas Nodl.
10:33 of 1st period - Stopped by Martin Houle with a rebound.
10:35 of 1st period - Snap shot by Tomas Kurka.
10:35 of 1st period - Shot Misses the Net.
10:37 of 1st period - Slapshot by Tomas Kurka.
10:37 of 1st period - Shot Misses the Net.
10:39 of 1st period - Slapshot by Tyler Myers.
10:39 of 1st period - Shot Blocked by Michael Del Zotto.
10:45 of 1st period - Snap shot by Tomas Kurka.
10:45 of 1st period - Shot Blocked by Danny Kristo.
11:08 of 1st period - Minor Penalty to Tyler Myers for Roughing.
11:09 of 1st period - Andrei Loktionov wins face-off versus Tomas Kurka in Patriotes zone.
11:43 of 1st period - Slapshot by Andrew Gordon.
11:43 of 1st period - Shot Misses the Net.
11:45 of 1st period - Snap shot by Andrew Gordon.
11:45 of 1st period - Stopped by Martin Houle with a rebound.
12:28 of 1st period - Joe Charlebois is hit by Andrei Loktionov and loses puck.
12:51 of 1st period - Joe Charlebois is hit by Pierre-Luc Létourneau and loses puck.
13:08 of 1st period - Penalty to Tyler Myers is over, Tyler Myers is back on ice.
13:13 of 1st period - Snap shot by Jared Boll.
13:13 of 1st period - Stopped by Marek Schwarz without a rebound.
13:14 of 1st period - Christian Hanson wins face-off versus Jared Boll in Patriotes zone.
13:25 of 1st period - Slapshot by Dwight King.
13:25 of 1st period - Stopped by Martin Houle with a rebound.
13:34 of 1st period - Slapshot by Jared Boll.
13:34 of 1st period - Shot Misses the Net.
14:26 of 1st period - Slapshot by Dwight King.
14:26 of 1st period - Stopped by Martin Houle with a rebound.
14:43 of 1st period - Theo Peckham is hit by Andreas Nodl and loses puck.
16:28 of 1st period - Pierre-Luc Létourneau is hit by Cory Emmerton and loses puck.
16:47 of 1st period - Slapshot by Michael Del Zotto.
16:47 of 1st period - Stopped by Marek Schwarz without a rebound.
16:48 of 1st period - Cody Eakin wins face-off versus Zenon Konopka in Patriotes zone.
16:51 of 1st period - Wrist shot by Stu Bickel.
16:51 of 1st period - Shot Blocked by Brett Skinner.
16:57 of 1st period - Snap shot by Zenon Konopka.
16:57 of 1st period - Shot Misses the Net.
16:59 of 1st period - Slapshot by Tomas Kurka.
16:59 of 1st period - Shot Blocked by T.J. Fast.
17:01 of 1st period - Slapshot by Andreas Nodl.
17:01 of 1st period - Shot Misses the Net.
17:03 of 1st period - Snap shot by Tomas Kurka.
17:03 of 1st period - Deflect By Zenon Konopka.
17:03 of 1st period - Stopped by Martin Houle with a rebound.
17:38 of 1st period - T.J. Fast is hit by Christian Hanson and loses puck.
18:21 of 1st period - Slapshot by T.J. Fast.
18:21 of 1st period - Stopped by Marek Schwarz without a rebound.
18:22 of 1st period - Andreas Nodl wins face-off versus Cam Janssen in Patriotes zone.
18:22 of 1st period - Andreas Nodl is hit by Cam Janssen.
19:09 of 1st period - Minor Penalty to Nigel Williams for High sticking.
19:10 of 1st period - Andrei Loktionov wins face-off versus Tomas Kurka in Patriotes zone.
Goals for this period are 0 for Patriotes vs 1 for Staline.
Shots for this period are 14 for Patriotes vs 10 for Staline.
2nd period
0:01 of 2nd period - Andrei Loktionov wins face-off versus Tomas Kurka in neutral zone.
0:04 of 2nd period - Snap shot by Devin Setoguchi.
0:04 of 2nd period - Shot Blocked by Andreas Nodl.
0:06 of 2nd period - Snap shot by Pierre-Luc Létourneau.
0:06 of 2nd period - Shot Misses the Net.
0:34 of 2nd period - Wrist shot by Cam Janssen.
0:34 of 2nd period - Stopped by Marek Schwarz without a rebound.
0:35 of 2nd period - Andrei Loktionov wins face-off versus Andrew Gordon in Patriotes zone.
1:09 of 2nd period - Penalty to Nigel Williams is over, Nigel Williams is back on ice.
1:10 of 2nd period - Backhand shot by Mason Raymond.
1:10 of 2nd period - Shot Blocked by Tyler Myers.
2:08 of 2nd period - Wrist shot by Zenon Konopka.
2:08 of 2nd period - Shot Misses the Net.
2:31 of 2nd period - Slapshot by James Sheppard.
2:31 of 2nd period - Stopped by Marek Schwarz with a rebound.
2:33 of 2nd period - Snap shot by Danny Kristo.
2:33 of 2nd period - Shot Blocked by Zack Stortini.
2:33 of 2nd period - Zack Stortini from Patriotes is injured at 2:33 of 2nd period (Torn Left MCL).
2:34 of 2nd period - Peter Mueller wins face-off versus Zenon Konopka in Patriotes zone.
2:35 of 2nd period - Snap shot by Cam Janssen.
2:35 of 2nd period - Goal by Cam Janssen - Patriotes : 0 - Staline : 2.
2:36 of 2nd period - Peter Mueller wins face-off versus Zenon Konopka in neutral zone.
2:39 of 2nd period - Wrist shot by Cam Janssen.
2:39 of 2nd period - Stopped by Marek Schwarz with a rebound.
2:51 of 2nd period - Wrist shot by Cam Janssen.
2:51 of 2nd period - Goal by Cam Janssen - Patriotes : 0 - Staline : 3.
2:52 of 2nd period - Zenon Konopka wins face-off versus Andrei Loktionov in neutral zone.
3:06 of 2nd period - A.J Thelen is hit by Stu Bickel and loses puck.
3:15 of 2nd period - Minor Penalty to Andreas Nodl for Holding Stick.
3:16 of 2nd period - Andrei Loktionov wins face-off versus Tomas Kurka in Patriotes zone.
3:41 of 2nd period - A.J Thelen is hit by Stu Bickel and loses puck.
4:44 of 2nd period - Icing by Andrei Loktionov.
4:45 of 2nd period - Christian Hanson wins face-off versus Andrei Loktionov in Staline zone.
4:54 of 2nd period - Slapshot by Christian Hanson.
4:54 of 2nd period - Stopped by Martin Houle without a rebound.
4:55 of 2nd period - Peter Mueller wins face-off versus Tomas Kurka in Staline zone.
5:08 of 2nd period - Snap shot by Mason Raymond.
5:08 of 2nd period - Shot Misses the Net.
5:15 of 2nd period - Penalty to Andreas Nodl is over, Andreas Nodl is back on ice.
5:36 of 2nd period - Slapshot by Keith Aulie.
5:36 of 2nd period - Deflect By Tyler Myers.
5:36 of 2nd period - Stopped by Marek Schwarz with a rebound.
5:38 of 2nd period - Slapshot by Theo Peckham.
5:38 of 2nd period - Stopped by Marek Schwarz without a rebound.
5:39 of 2nd period - Zenon Konopka wins face-off versus Peter Mueller in Patriotes zone.
6:11 of 2nd period - Snap shot by Cory Emmerton.
6:11 of 2nd period - Goal by Cory Emmerton - Patriotes : 1 - Staline : 3.
6:12 of 2nd period - Andrei Loktionov wins face-off versus Zenon Konopka in neutral zone.
6:17 of 2nd period - Wrist shot by Andrei Loktionov.
6:17 of 2nd period - Stopped by Marek Schwarz without a rebound.
6:18 of 2nd period - Andrei Loktionov wins face-off versus Zenon Konopka in Patriotes zone.
6:21 of 2nd period - Slapshot by Andrei Loktionov.
6:21 of 2nd period - Deflect By Devin Setoguchi.
6:21 of 2nd period - Stopped by Marek Schwarz with a rebound.
6:23 of 2nd period - Snap shot by Pierre-Luc Létourneau.
6:23 of 2nd period - Shot Misses the Net.
6:25 of 2nd period - Slapshot by Stu Bickel.
6:25 of 2nd period - Shot Blocked by Brett Skinner.
6:27 of 2nd period - Snap shot by Devin Setoguchi.
6:27 of 2nd period - Stopped by Marek Schwarz without a rebound.
6:28 of 2nd period - Peter Mueller wins face-off versus Zenon Konopka in Patriotes zone.
6:32 of 2nd period - Snap shot by Mason Raymond.
6:32 of 2nd period - Shot Misses the Net.
6:34 of 2nd period - Slapshot by Stu Bickel.
6:34 of 2nd period - Shot Blocked by Brett Skinner.
6:36 of 2nd period - Slapshot by Peter Mueller.
6:36 of 2nd period - Stopped by Marek Schwarz with a rebound.
6:38 of 2nd period - Slapshot by Stu Bickel.
6:38 of 2nd period - Shot Misses the Net.
6:40 of 2nd period - Wrist shot by Peter Mueller.
6:40 of 2nd period - Stopped by Marek Schwarz without a rebound.
6:41 of 2nd period - Devin Setoguchi wins face-off versus Zenon Konopka in Patriotes zone.
7:32 of 2nd period - Slapshot by Brett Skinner.
7:32 of 2nd period - Shot Blocked by T.J. Fast.
7:34 of 2nd period - Snap shot by Christian Hanson.
7:34 of 2nd period - Goal by Christian Hanson - Patriotes : 2 - Staline : 3.
7:35 of 2nd period - Zenon Konopka wins face-off versus Andrei Loktionov in neutral zone.
7:42 of 2nd period - Wrist shot by Andreas Nodl.
7:42 of 2nd period - Stopped by Martin Houle with a rebound.
8:21 of 2nd period - Snap shot by Jared Boll.
8:21 of 2nd period - Stopped by Marek Schwarz with a rebound.
8:49 of 2nd period - A.J Thelen is hit by Devin Setoguchi and loses puck.
9:06 of 2nd period - Danny Kristo is hit by Zenon Konopka and loses puck.
10:20 of 2nd period - Theo Peckham is hit by Tyler Myers and loses puck.
10:35 of 2nd period - Zenon Konopka is hit by Peter Mueller.
10:52 of 2nd period - Snap shot by Nick Spaling.
10:52 of 2nd period - Stopped by Marek Schwarz with a rebound.
12:02 of 2nd period - Patrice Cormier is hit by James Sheppard and loses puck.
12:37 of 2nd period - Off-side.
12:38 of 2nd period - Lauri Tukonen wins face-off versus Andrei Loktionov in neutral zone.
12:50 of 2nd period - Snap shot by Pierre-Luc Létourneau.
12:50 of 2nd period - Shot Misses the Net.
12:52 of 2nd period - Wrist shot by Pierre-Luc Létourneau.
12:52 of 2nd period - Shot Blocked by Patrice Cormier.
12:54 of 2nd period - Slapshot by Stu Bickel.
12:54 of 2nd period - Stopped by Marek Schwarz with a rebound.
13:14 of 2nd period - Slapshot by Cam Janssen.
13:14 of 2nd period - Shot Misses the Net.
15:07 of 2nd period - Slapshot by James Sheppard.
15:07 of 2nd period - Stopped by Marek Schwarz without a rebound.
15:08 of 2nd period - Cory Emmerton wins face-off versus Cody Eakin in Patriotes zone.
15:34 of 2nd period - Zenon Konopka is hit by Pierre-Luc Létourneau and loses puck.
16:01 of 2nd period - Snap shot by Lauri Tukonen.
16:01 of 2nd period - Shot Misses the Net.
16:38 of 2nd period - Icing by Cory Emmerton.
16:39 of 2nd period - Zenon Konopka wins face-off versus Cody Eakin in Patriotes zone.
17:03 of 2nd period - Minor Penalty to Dwight King for Tripping.
17:04 of 2nd period - Andrei Loktionov wins face-off versus Tomas Kurka in Patriotes zone.
17:57 of 2nd period - Minor Penalty to Devin Setoguchi for Interference.
17:58 of 2nd period - Pierre-Luc Létourneau wins face-off versus Tomas Kurka in Staline zone.
18:07 of 2nd period - Wrist shot by Jared Boll.
18:07 of 2nd period - Stopped by Marek Schwarz with a rebound.
18:11 of 2nd period - Wrist shot by Jared Boll.
18:11 of 2nd period - Goal by Jared Boll - Patriotes : 2 - Staline : 4.
18:12 of 2nd period - Tomas Kurka wins face-off versus Pierre-Luc Létourneau in neutral zone.
18:21 of 2nd period - Wrist shot by Tomas Kurka.
18:21 of 2nd period - Stopped by Martin Houle with a rebound.
18:55 of 2nd period - Wrist shot by Andrew Gordon.
18:55 of 2nd period - Shot Misses the Net.
18:57 of 2nd period - Slapshot by Fedor Fedorov.
18:57 of 2nd period - Shot Blocked by Keith Aulie.
18:59 of 2nd period - Snap shot by Fedor Fedorov.
18:59 of 2nd period - Goal by Fedor Fedorov - Patriotes : 3 - Staline : 4.
19:00 of 2nd period - Pierre-Luc Létourneau wins face-off versus Tomas Kurka in neutral zone.
19:03 of 2nd period - Penalty to Dwight King is over, Dwight King is back on ice.
19:05 of 2nd period - Slapshot by Pierre-Luc Létourneau.
19:05 of 2nd period - Goal by Pierre-Luc Létourneau - Patriotes : 3 - Staline : 5.
19:06 of 2nd period - Zenon Konopka wins face-off versus Pierre-Luc Létourneau in neutral zone.
19:09 of 2nd period - Pierre-Luc Létourneau is hit by Brett Skinner and loses puck.
19:36 of 2nd period - Wrist shot by Fedor Fedorov.
19:36 of 2nd period - Deflect By Andrew Gordon.
19:36 of 2nd period - Goal by Andrew Gordon - Patriotes : 4 - Staline : 5.
19:37 of 2nd period - Andrei Loktionov wins face-off versus Zenon Konopka in neutral zone.
19:44 of 2nd period - Slapshot by T.J. Fast.
19:44 of 2nd period - Shot Blocked by Brett Skinner.
19:46 of 2nd period - Snap shot by Devin Setoguchi.
19:46 of 2nd period - Shot Blocked by Andreas Nodl.
19:48 of 2nd period - Snap shot by Devin Setoguchi.
19:48 of 2nd period - Deflect By Andrei Loktionov.
19:48 of 2nd period - Stopped by Marek Schwarz without a rebound.
19:49 of 2nd period - Andrei Loktionov wins face-off versus Zenon Konopka in Patriotes zone.
Goals for this period are 4 for Patriotes vs 4 for Staline.
Shots for this period are 7 for Patriotes vs 20 for Staline.
3rd period
0:01 of 3rd period - Andreas Nodl wins face-off versus Andrei Loktionov in neutral zone.
0:04 of 3rd period - Slapshot by Brett Skinner.
0:04 of 3rd period - Stopped by Martin Houle without a rebound.
0:05 of 3rd period - Andrei Loktionov wins face-off versus Tomas Kurka in Staline zone.
0:05 of 3rd period - Andrei Loktionov is hit by Zenon Konopka.
0:28 of 3rd period - Icing by Devin Setoguchi.
0:29 of 3rd period - Peter Mueller wins face-off versus Cory Emmerton in Staline zone.
1:24 of 3rd period - Wrist shot by Nick Spaling.
1:24 of 3rd period - Stopped by Marek Schwarz with a rebound.
1:26 of 3rd period - Wrist shot by Nick Spaling.
1:26 of 3rd period - Shot Blocked by Brett Skinner.
1:28 of 3rd period - Wrist shot by Jared Boll.
1:28 of 3rd period - Shot Misses the Net.
1:42 of 3rd period - Wrist shot by Mason Raymond.
1:42 of 3rd period - Shot Blocked by Brett Skinner.
1:44 of 3rd period - Snap shot by Peter Mueller.
1:44 of 3rd period - Shot Blocked by A.J Thelen.
2:41 of 3rd period - Backhand shot by Andrei Loktionov.
2:41 of 3rd period - Stopped by Marek Schwarz without a rebound.
2:42 of 3rd period - Andrei Loktionov wins face-off versus Patrice Cormier in Patriotes zone.
3:01 of 3rd period - Tyler Myers is hit by Andrei Loktionov and loses puck.
3:17 of 3rd period - Off-side.
3:18 of 3rd period - Peter Mueller wins face-off versus Zenon Konopka in neutral zone.
3:44 of 3rd period - Tomas Kurka is hit by James Sheppard and loses puck.
4:01 of 3rd period - Snap shot by Zenon Konopka.
4:01 of 3rd period - Shot Hit the Post.
4:10 of 3rd period - Tomas Kurka is hit by Theo Peckham.
4:14 of 3rd period - Wrist shot by Jared Boll.
4:14 of 3rd period - Shot Misses the Net.
4:58 of 3rd period - Slapshot by Christian Hanson.
4:58 of 3rd period - Goal by Christian Hanson - Patriotes : 5 - Staline : 5.
4:59 of 3rd period - Devin Setoguchi wins face-off versus Cory Emmerton in neutral zone.
5:24 of 3rd period - Tyler Myers is hit by Mason Raymond.
5:50 of 3rd period - Snap shot by Liam Reddox.
5:50 of 3rd period - Stopped by Martin Houle with a rebound.
6:08 of 3rd period - Danny Kristo is hit by Zenon Konopka and loses puck.
6:25 of 3rd period - Slapshot by Devin Setoguchi.
6:25 of 3rd period - Stopped by Marek Schwarz without a rebound.
6:26 of 3rd period - Andrei Loktionov wins face-off versus Lauri Tukonen in Patriotes zone.
7:45 of 3rd period - Snap shot by Mathieu Perreault.
7:45 of 3rd period - Goal by Mathieu Perreault - Patriotes : 5 - Staline : 6.
7:46 of 3rd period - Andrei Loktionov wins face-off versus Zenon Konopka in neutral zone.
9:03 of 3rd period - Minor Penalty to Zenon Konopka for Diving.
9:04 of 3rd period - Andrei Loktionov wins face-off versus Tomas Kurka in Patriotes zone.
9:04 of 3rd period - Snap shot by Devin Setoguchi.
9:04 of 3rd period - Stopped by Marek Schwarz without a rebound.
9:05 of 3rd period - Andrei Loktionov wins face-off versus Tomas Kurka in Patriotes zone.
9:06 of 3rd period - Snap shot by Devin Setoguchi.
9:06 of 3rd period - Shot Hit the Post.
9:08 of 3rd period - Wrist shot by Andrei Loktionov.
9:08 of 3rd period - Goal by Andrei Loktionov - Patriotes : 5 - Staline : 7.
9:09 of 3rd period - Tomas Kurka wins face-off versus Andrei Loktionov in neutral zone.
9:25 of 3rd period - Slapshot by Andrei Loktionov.
9:25 of 3rd period - Stopped by Marek Schwarz without a rebound.
9:26 of 3rd period - Peter Mueller wins face-off versus Cory Emmerton in Patriotes zone.
9:29 of 3rd period - Snap shot by Cam Janssen.
9:29 of 3rd period - Shot Misses the Net.
9:31 of 3rd period - Slapshot by Stu Bickel.
9:31 of 3rd period - Deflect By Fedor Fedorov.
9:31 of 3rd period - Stopped by Marek Schwarz with a rebound.
9:33 of 3rd period - Snap shot by T.J. Fast.
9:33 of 3rd period - Stopped by Marek Schwarz with a rebound.
9:35 of 3rd period - Wrist shot by Stu Bickel.
9:35 of 3rd period - Shot Misses the Net.
9:37 of 3rd period - Slapshot by Stu Bickel.
9:37 of 3rd period - Deflect By Cory Emmerton.
9:37 of 3rd period - Stopped by Marek Schwarz with a rebound.
9:39 of 3rd period - Snap shot by Mason Raymond.
9:39 of 3rd period - Goal by Mason Raymond - Patriotes : 5 - Staline : 8.
9:40 of 3rd period - Andrei Loktionov wins face-off versus Zenon Konopka in neutral zone.
9:44 of 3rd period - Minor Penalty to Zenon Konopka for Interference.
9:45 of 3rd period - Andrei Loktionov wins face-off versus Tomas Kurka in Patriotes zone.
11:07 of 3rd period - Wrist shot by Mason Raymond.
11:07 of 3rd period - Shot Misses the Net.
11:33 of 3rd period - Slapshot by T.J. Fast.
11:33 of 3rd period - Stopped by Marek Schwarz with a rebound.
11:41 of 3rd period - Snap shot by Peter Mueller.
11:41 of 3rd period - Shot Misses the Net.
11:43 of 3rd period - Slapshot by Stu Bickel.
11:43 of 3rd period - Stopped by Marek Schwarz with a rebound.
11:44 of 3rd period - Penalty to Zenon Konopka is over, Zenon Konopka is back on ice.
11:45 of 3rd period - Snap shot by T.J. Fast.
11:45 of 3rd period - Shot Blocked by A.J Thelen.
11:45 of 3rd period - A.J Thelen from Patriotes is injured at 11:45 of 3rd period (Sprained Left Knee).
11:46 of 3rd period - Andrei Loktionov wins face-off versus Zenon Konopka in Patriotes zone.
12:39 of 3rd period - Andrei Loktionov is hit by Dwight King and loses puck.
12:56 of 3rd period - Devin Setoguchi is hit by Dwight King and loses puck.
13:03 of 3rd period - Dwight King is hit by T.J. Fast and loses puck.
13:24 of 3rd period - Andrei Loktionov is hit by Christian Hanson and loses puck.
13:39 of 3rd period - Snap shot by Andrei Loktionov.
13:39 of 3rd period - Goal by Andrei Loktionov - Patriotes : 5 - Staline : 9.
13:40 of 3rd period - Peter Mueller wins face-off versus Zenon Konopka in neutral zone.
13:43 of 3rd period - Slapshot by Theo Peckham.
13:43 of 3rd period - Deflect By Brett Skinner.
13:43 of 3rd period - Stopped by Marek Schwarz without a rebound.
13:44 of 3rd period - Mason Raymond wins face-off versus Zenon Konopka in Patriotes zone.
14:08 of 3rd period - Icing by Keith Aulie.
14:09 of 3rd period - Mathieu Perreault wins face-off versus Cory Emmerton in Staline zone.
14:14 of 3rd period - Slapshot by Keith Aulie.
14:14 of 3rd period - Stopped by Marek Schwarz without a rebound.
14:15 of 3rd period - Mathieu Perreault wins face-off versus Cory Emmerton in Patriotes zone.
14:16 of 3rd period - Snap shot by Nick Spaling.
14:16 of 3rd period - Stopped by Marek Schwarz with a rebound.
14:18 of 3rd period - Wrist shot by Mathieu Perreault.
14:18 of 3rd period - Shot Misses the Net.
14:32 of 3rd period - Nick Spaling is hit by Cory Emmerton and loses puck.
14:39 of 3rd period - Fedor Fedorov is hit by Nick Spaling and loses puck.
15:17 of 3rd period - Icing by Stu Bickel.
15:18 of 3rd period - Mathieu Perreault wins face-off versus Zenon Konopka in Staline zone.
16:11 of 3rd period - Slapshot by Theo Peckham.
16:11 of 3rd period - Stopped by Marek Schwarz with a rebound.
16:13 of 3rd period - Snap shot by James Sheppard.
16:13 of 3rd period - Stopped by Marek Schwarz with a rebound.
16:19 of 3rd period - Wrist shot by Danny Kristo.
16:19 of 3rd period - Stopped by Marek Schwarz without a rebound.
16:20 of 3rd period - Andrei Loktionov wins face-off versus Zenon Konopka in Patriotes zone.
16:45 of 3rd period - Keith Aulie is hit by Patrice Cormier.
17:46 of 3rd period - Icing by Peter Mueller.
17:47 of 3rd period - Andrei Loktionov wins face-off versus Zenon Konopka in Staline zone.
17:47 of 3rd period - Andrei Loktionov is hit by Andreas Nodl.
17:57 of 3rd period - Slapshot by Andreas Nodl.
17:57 of 3rd period - Shot Misses the Net.
18:25 of 3rd period - Wrist shot by Nick Spaling.
18:25 of 3rd period - Stopped by Marek Schwarz with a rebound.
18:47 of 3rd period - Snap shot by Danny Kristo.
18:47 of 3rd period - Deflect By James Sheppard.
18:47 of 3rd period - Goal by James Sheppard - Patriotes : 5 - Staline : 10.
18:48 of 3rd period - Andrei Loktionov wins face-off versus Cory Emmerton in neutral zone.
18:55 of 3rd period - Snap shot by Cory Emmerton.
18:55 of 3rd period - Shot Blocked by Keith Aulie.
19:01 of 3rd period - Snap shot by Andrew Gordon.
19:01 of 3rd period - Stopped by Martin Houle without a rebound.
19:02 of 3rd period - Cory Emmerton wins face-off versus Peter Mueller in Staline zone.
19:07 of 3rd period - Slapshot by Andrew Gordon.
19:07 of 3rd period - Deflect By Fedor Fedorov.
19:07 of 3rd period - Shot Misses the Net.
19:07 of 3rd period - Puck is out of play.
19:08 of 3rd period - Peter Mueller wins face-off versus Cory Emmerton in Staline zone.
Goals for this period are 1 for Patriotes vs 5 for Staline.
Shots for this period are 4 for Patriotes vs 22 for Staline.
Output by the SimonT Hockey Simulator (STHS) for François Prévost -- Original Page W3C XHTML 1.0 Valid